Map: Blackpink LE

Players

Leenock

  • Race: Zerg Zerg
  • League: Grandmaster
  • Spawn Location: 1:00

TYTY (TY) - Winner!

  • Race: Terran Terran
  • League: Master
  • Spawn Location: 7:00

Event: Memes & Dreams Invitational

VOD

Have the link to the VOD?

Description

Time

  • Played on: April 15, 2018, 4:43 a.m.
  • Length: 11:15

All games in this series

Show
View Real Time Build Order
Export as new Build Order

Leenock Zerg 

Build Orders: Hatch First 

Get SALT Encoding   

  12  0:00  Drone  
  13  0:13  Overlord  
  13  0:18  Drone  
  14  0:31  Drone x2  
  16  0:36  Drone  
  17  0:51  Hatchery  
  17  0:54  Drone  
  17  0:56  Drone  
  18  1:05  Extractor  
  17  1:12  Spawning Pool  
  17  1:15  Drone  
  17  1:18  Drone  
  18  1:29  Drone  
  19  1:39  Overlord  
  19  1:50  Drone  
  20  1:58  Queen  
  20  2:01  Zergling x2  
  23  2:02  Queen  
  23  2:04  Zergling x2  
  23  2:07  Metabolic Boost  
  26  2:13  Drone  
  26  2:14  Drone  
  28  2:22  Drone  
  29  2:25  Drone  
  30  2:36  Drone  
  31  2:37  Queen  
  31  2:38  Queen  
  31  2:44  Overlord  
  35  2:45  Drone  
  36  2:54  Overlord  
  36  3:03  Drone x2  
  38  3:08  Drone x3  
  38  3:09  Drone x2  
  38  3:10  Drone  
  44  3:13  Drone x2  
  44  3:18  Drone  
  47  3:30  Hatchery  
  48  3:37  Overlord, Roach Warren  
  48  3:38  Drone x2  
  48  3:41  Drone x2  
  49  3:42  Extractor  
  49  3:46  Extractor  
  49  3:47  Drone x2  
  49  3:50  Drone  
  49  3:51  Drone  
  44  4:18  Roach x5  
  44  4:19  Roach  
  44  4:22  Roach x2  
  44  4:23  Overlord  
  60  4:25  Overlord  
  60  4:36  Overlord  
  60  4:44  Ravager x3  
  65  4:45  Roach  
  65  4:46  Zergling x6  
  65  4:52  Zergling x6  
  71  4:55  Zergling x6  
  71  4:56  Zergling x2  
  75  5:01  Zergling x4  
  75  5:04  Zergling x2  
  75  5:05  Zergling x2  
  79  5:08  Ravager  
  79  5:09  Ravager  
  79  5:11  Zergling x4  
  79  5:14  Zergling x2  
  84  5:17  Zergling x2  
  83  5:23  Ravager x2  
  83  5:24  Zergling x2  
  83  5:25  Zergling x2  
  78  5:34  Zergling x2  
  70  5:37  Zergling x12  
  68  5:47  Zergling x10  
  68  5:48  Ravager  
  68  5:49  Zergling x2  
  66  5:52  Zergling x2  
  66  5:56  Drone  
  64  5:57  Drone  
  64  5:59  Drone  
  66  6:05  Drone  
  66  6:06  Drone x2  
  66  6:07  Drone  
  63  6:20  Drone x3  
  63  6:21  Drone  
  63  6:25  Drone  
  63  6:31  Drone x4  
  62  6:32  Drone  
  62  6:34  Drone x3  
  62  6:37  Drone, Evolution Chamber  
  62  6:38  Evolution Chamber  
  62  6:39  Drone  
  63  6:46  Lair  
  63  6:53  Roach x2  
  63  6:54  Roach  
  69  6:57  Roach  
  69  6:58  Roach  
  69  7:01  Overlord  
  73  7:03  Zerg Ground Armor Level 1, Zerg Melee Weapons Level 1  
  73  7:06  Extractor  
  72  7:12  Zergling x2  
  72  7:13  Zergling x10  
  72  7:14  Overlord x2  
  78  7:16  Ravager x3  
  78  7:17  Overlord  
  81  7:25  Zergling x8  
  81  7:29  Baneling Nest  
  84  7:31  Drone x3  
  84  7:34  Zergling x4  
  84  7:36  Zergling x4  
  91  7:37  Zergling x2  
  92  7:45  Zergling x4  
  92  7:46  Glial Reconstitution  
  92  7:49  Roach x4  
  102  7:55  Overlord  
  102  8:00  Drone  
  102  8:02  Drone x4, Extractor  
  106  8:06  Overlord x3  
  103  8:27  Zergling x2  
  103  8:28  Zergling x16, Centrifical Hooks  
  103  8:34  Zergling x2  
  113  8:36  Zergling x2  
  113  8:37  Zergling x8  
  113  8:39  Overlord  
  118  8:46  Zergling x2  
  119  8:49  Zergling x4  
  119  8:54  Overlord x2  
  123  8:55  Roach  
  123  8:56  Roach  
  123  8:57  Ravager  
  123  8:58  Ravager x3  
  129  9:08  Zergling x10  
  128  9:11  Zergling x2  
  128  9:13  Baneling x10  
  128  9:15  Baneling x9  
  128  9:16  Hatchery  
  128  9:24  Zergling x12  
  124  9:28  Zergling x2  
  125  9:34  Zergling x6  
  125  9:35  Zergling x4  
  126  9:52  Zergling x2  
  124  9:54  Zergling x8  
  124  9:55  Zergling x2  
  129  10:00  Zergling x4  
  129  10:05  Zergling x10  
  136  10:10  Zergling x2  
  136  10:13  Hatchery  
  130  10:16  Zergling x4  
  130  10:19  Zergling x2  
  133  10:25  Zergling x2  
  133  10:26  Baneling  
  133  10:27  Baneling x21  
  134  10:28  Zergling x2  
  131  10:37  Zergling x2  
  131  10:39  Zergling x4  
  131  10:40  Zergling x2  
  131  10:42  Zergling x4  
  128  10:43  Zergling x2  
  118  10:56  Zergling x2  
Show
View Real Time Build Order
Export as new Build Order

TYTY Terran - Winner!

Build Orders: Hellion Opening, Reaper Expand, MMM Bio 

Get SALT Encoding   

  12  0:00  SCV  
  13  0:12  SCV  
  14  0:17  Supply Depot  
  14  0:24  SCV  
  15  0:38  SCV  
  15  0:41  Barracks  
  16  0:43  Refinery  
  16  0:50  SCV  
  17  1:03  SCV  
  18  1:15  SCV  
  19  1:28  Reaper  
  19  1:29  Orbital Command  
  20  1:39  Command Center  
  20  1:49  Supply Depot  
  20  1:54  SCV  
  20  2:00  Marine  
  22  2:05  Factory  
  22  2:09  SCV  
  22  2:14  Refinery  
  23  2:20  Barracks Reactor  
  23  2:21  SCV  
  24  2:33  SCV  
  25  2:45  SCV  
  26  2:51  Starport  
  26  2:52  Orbital Command  
  26  2:57  SCV  
  27  2:59  Hellion  
  27  3:00  Hellion  
  27  3:03  Barracks Tech Lab  
  31  3:09  SCV  
  32  3:20  SCV  
  32  3:21  Hellion, SCV  
  32  3:22  Hellion  
  38  3:32  SCV  
  39  3:36  SCV, Raven  
  39  3:37  Supply Depot  
  42  3:42  Hellion  
  42  3:43  Hellion  
  42  3:44  Barracks Tech Lab  
  46  3:57  SCV  
  46  3:59  SCV  
  43  4:04  Marine  
  43  4:05  Stimpack  
  44  4:11  Command Center, SCV  
  44  4:12  SCV  
  46  4:18  Supply Depot  
  46  4:22  Marine, Siege Tank  
  46  4:24  SCV x2  
  52  4:30  Barracks  
  52  4:36  SCV  
  54  4:38  Barracks, SCV  
  54  4:42  Marine  
  58  4:48  SCV  
  58  4:52  Starport Reactor  
  56  4:53  SCV  
  56  4:54  Siege Tank  
  56  4:55  Supply Depot  
  60  5:00  Marine, SCV  
  60  5:05  Engineering Bay  
  60  5:06  Engineering Bay  
  62  5:08  Bunker  
  62  5:17  SCV  
  62  5:18  Marine  
  62  5:23  Orbital Command  
  62  5:27  SCV  
  57  5:28  Siege Tank  
  57  5:29  Marine x3, SCV  
  54  5:39  SCV  
  54  5:41  SCV  
  54  5:42  Marine  
  49  5:47  Marine  
  39  5:51  Marine, SCV  
  39  5:53  SCV  
  39  5:56  Marine  
  39  6:04  SCV  
  40  6:05  Siege Tank  
  42  6:15  Marine x2  
  42  6:17  Marine x2  
  43  6:19  SCV x2  
  43  6:23  Marine  
  40  6:33  Marine x2  
  40  6:36  Starport Reactor  
  40  6:37  Terran Infantry Weapons Level 1  
  39  6:40  Marine, Terran Infantry Armor Level 1  
  39  6:42  Marine x2  
  39  6:46  SCV  
  43  6:51  Marine x2  
  45  6:55  SCV  
  45  6:58  Marine  
  45  6:59  SCV  
  45  7:00  Marine x2  
  50  7:01  SCV  
  50  7:06  Refinery  
  50  7:07  SCV  
  52  7:08  Marine x2  
  52  7:14  Medivac x2  
  60  7:15  SCV x2  
  60  7:16  Marine  
  60  7:18  Marine  
  60  7:19  SCV  
  60  7:22  Marine  
  64  7:24  Combat Shields  
  64  7:26  Marine  
  64  7:28  SCV  
  66  7:30  Liberator, SCV, Refinery  
  66  7:32  Marine  
  66  7:35  Marine  
  66  7:36  Marine  
  70  7:37  SCV  
  70  7:43  SCV x2  
  73  7:46  Marine  
  78  7:58  SCV x3  
  81  8:00  Supply Depot, Marine x3  
  81  8:03  Medivac  
  85  8:21  SCV x2  
  85  8:22  Orbital Command  
  87  8:27  Barracks  
  87  8:30  Supply Depot, Medivac  
  87  8:32  Armory  
  87  8:33  Medivac  
  87  8:34  Supply Depot, SCV x2  
  92  8:36  Marine x2  
  93  8:52  Marine x3, Siege Tank, SCV x2  
  93  8:53  Supply Depot  
  93  8:55  Marine, SCV  
  103  9:03  Medivac  
  103  9:04  SCV x2  
  103  9:07  SCV  
  103  9:09  Marine  
  105  9:10  Marine  
  105  9:11  Medivac  
  105  9:13  Marine  
  105  9:14  Marine x2  
  105  9:16  SCV x2  
  113  9:21  Supply Depot x2  
  106  9:24  Barracks Reactor  
  106  9:26  SCV  
  106  9:27  Marine x2  
  106  9:28  SCV  
  106  9:31  Marine  
  110  9:33  Medivac  
  110  9:38  SCV x2  
  112  9:40  Refinery  
  112  9:44  Medivac  
  115  9:48  Marine x4  
  118  9:53  Liberator  
  118  9:58  SCV  
  119  10:03  Command Center  
  119  10:05  SCV x2  
  121  10:11  Siege Tank  
  124  10:15  Supply Depot, SCV  
  124  10:17  SCV  
  124  10:18  Marine x3  
  124  10:19  Marine x2  
  131  10:26  Marine x2  
  133  10:37  Marine x2  
  133  10:38  Marine x2  
  133  10:39  Marine  
  133  10:40  Supply Depot  
  133  10:41  Supply Depot  
  137  10:44  Marine  
  133  10:53  Marine  
  133  10:54  Marine x2  
  133  10:56  Marine x3  
  128  10:57  SCV x2  
  128  11:01  SCV  
Tags
 
Add a new tag
Caveats
  • Supply blocks, unpowered buildings, or Contaminate may cause inaccurate times.
  • Supply counts are checked every 10 seconds.